[Event "Titled Tuesday Blitz August 17 2021"]
[White "Bodnar, Nikolay"]
[Black "Gurvich, Vitaly"]
[WhiteFideId "14106469"]
[BlackFideId "24164852"]
[WhiteElo "2296"]
[BlackElo "2252"]
[Result "0-1"]
[Round "11"]
[TimeControl "180+1"]
[Date "2021.08.17"]
[WhiteClock "0:01:37"]
[BlackClock "0:01:27"]

1. d4 Nf6 2. c4 c5 3. d5 b5 4. Nd2 g6 5. e4 d6 6. b3 Bg7 7. Bb2 bxc4 8. bxc4 O-O 9. Ngf3 Na6 10. a3 Qa5 11. Bd3 Rb8 12. Qc2 Rxb2 13. Qxb2 Nxe4 14. Qa2 Nxd2 15. Nxd2 Qc3 16. O-O Qxd3 17. Rad1 Bg4 18. Nf3 Qc3 19. Rc1 Qa5 20. Rfe1 Bxf3 21. gxf3 Bf6 22. Rb1 Nb4 23. Qb3 Na6 24. Qb5 Qxa3 25. Re3 Qa2 26. Rbb3 Nb4 27. Ra3 Qb1+ 28. Kg2 Qf5 29. Rxa7 Nc2 30. Re4 Nd4 31. Qb1 Qxf3+ 32. Kg1 Ne2+ 33. Rxe2 Qxe2 0-1


[Site "https://www.chess.com"]

[Event "Titled Tuesday Blitz August 17 2021"]
[White "Bok, Benjamin"]
[Black "Tang, Andrew"]
[WhiteFideId "1017063"]
[BlackFideId "2059630"]
[WhiteElo "2658"]
[BlackElo "2588"]
[Result "1-0"]
[Round "11"]
[TimeControl "180+1"]
[Date "2021.08.17"]
[WhiteClock "0:00:31"]
[BlackClock "0:00:01"]

1. d4 d5 2. c4 e6 3. Nc3 Be7 4. cxd5 exd5 5. Bf4 c6 6. e3 Bf5 7. g4 Be6 8. Qb3 Qb6 9. h3 g5 10. Bg3 Nf6 11. Nf3 Ne4 12. Qxb6 axb6 13. Nxe4 dxe4 14. Nd2 Bb4 15. Bg2 Bd5 16. Ke2 Bxd2 17. Kxd2 Nd7 18. h4 gxh4 19. Rxh4 b5 20. g5 Rg8 21. Bxe4 Rxg5 22. Bxd5 Rxd5 23. Rxh7 Ke7 24. Ke2 Nb6 25. Bh4+ Ke6 26. Rh6+ Kd7 27. Rf6 Ke8 28. Rg1 Rh5 29. Rg8+ Kd7 30. Rxf7+ Ke6 31. Rf6+ Kd5 32. Rxa8 Nxa8 33. Kd3 Rxh4 34. f3 1-0


[Site "https://www.chess.com"]

[Event "Titled Tuesday Blitz August 17 2021"]
[White "Bologan, Victor"]
[Black "Aldokhin, Ivan"]
[WhiteFideId "13900048"]
[BlackFideId "24115720"]
[WhiteElo "2511"]
[BlackElo "2306"]
[Result "0-1"]
[Round "11"]
[TimeControl "180+1"]
[Date "2021.08.17"]
[WhiteClock "0:02:19"]
[BlackClock "0:00:44"]

1. e4 c5 2. Nf3 e6 3. d4 cxd4 4. Nxd4 a6 5. Nc3 Qc7 6. Bd3 Nf6 7. O-O d6 8. Kh1 Be7 9. f4 Nbd7 10. a4 b6 11. Be3 Bb7 12. Qf3 O-O 13. Rae1 Rfe8 14. Qh3 Nc5 15. Bf2 Nxd3 16. cxd3 Nd7 17. f5 e5 18. Nc2 Bg5 19. Nb4 Nf6 20. Bh4 Bxh4 21. Qxh4 Qc5 22. Nc2 d5 23. exd5 Nxd5 24. f6 Nxf6 25. Rxf6 gxf6 26. Ne3 e4 27. dxe4 Qg5 0-1


[Site "https://www.chess.com"]

[Event "Titled Tuesday Blitz August 17 2021"]
[White "Bortnyk, Olexandr"]
[Black "Rodriguez Hernandez, Luis Daniel"]
[WhiteFideId "14120828"]
[BlackFideId "3506770"]
[WhiteElo "2723"]
[BlackElo "2133"]
[Result "1-0"]
[Round "11"]
[TimeControl "180+1"]
[Date "2021.08.17"]
[WhiteClock "0:01:12"]
[BlackClock "0:00:37"]

1. e4 e5 2. Bc4 Nf6 3. Nc3 Nxe4 4. Qh5 Nd6 5. Bb3 Be7 6. f4 exf4 7. d4 Nc6 8. Bxf4 Nxd4 9. O-O-O Nxb3+ 10. axb3 g6 11. Qe5 O-O 12. Nd5 Re8 13. Re1 Bg5 14. Bxg5 Rxe5 15. Rxe5 Qf8 16. Nf3 h6 17. Be7 Qg7 18. Nf6+ Kh8 19. Bxd6 Qxf6 20. Re8+ 1-0


[Site "https://www.chess.com"]

[Event "Titled Tuesday Blitz August 17 2021"]
[White "Boskovic, Drasko"]
[Black "Dobrowolski, Piotr"]
[WhiteFideId "927368"]
[BlackFideId "1106236"]
[WhiteElo "2388"]
[BlackElo "2296"]
[Result "1/2-1/2"]
[Round "11"]
[TimeControl "180+1"]
[Date "2021.08.17"]
[WhiteClock "0:01:13"]
[BlackClock "0:00:15"]

1. e4 e6 2. d4 d5 3. Nd2 a6 4. Bd3 c5 5. dxc5 Bxc5 6. Ngf3 Nc6 7. O-O Nf6 8. exd5 Qxd5 9. Nb3 Bb6 10. Qe2 O-O 11. c4 Qh5 12. Bg5 e5 13. Bxf6 gxf6 14. Rfe1 Bg4 15. h3 Bxf3 16. Qxf3 Qxf3 17. gxf3 Rad8 18. Be4 a5 19. c5 Bc7 20. Red1 a4 21. Nd2 Nd4 22. Bxb7 Rb8 23. c6 Ba5 24. Kg2 f5 25. Nc4 Bc7 26. f4 f6 27. b4 Kf7 28. Rxd4 exd4 29. b5 Rxb7 30. cxb7 Rb8 31. Kf3 Rxb7 32. b6 Bb8 33. Rd1 Rd7 34. Ke2 Bxf4 35. Kd3 Ke6 36. Rb1 Kd5 37. b7 Rd8 38. Rb5+ Kc6 39. Rxf5 Be5 40. f4 Bb8 41. Rxf6+ Kxb7 42. Rf7+ Kc6 43. Rxh7 Bxf4 44. Rf7 Be3 45. Nxe3 dxe3+ 46. Kxe3 Rh8 47. Rf3 Kd5 48. Kf2 Ke4 49. Kg2 Rg8+ 50. Rg3 Rb8 51. Rg4+ Ke3 52. Rxa4 Rg8+ 53. Kf1 Rf8+ 54. Ke1 Rb8 55. Ra3+ Kf4 56. Kd2 Rb2+ 57. Kc3 Re2 58. Kb4 Re4+ 59. Kc5 Re5+ 60. Kd6 Re2 61. h4 Kg4 62. Ra4+ Kh5 63. a3 Re3 64. Kd5 Rf3 65. Ke5 Rg3 66. Kd5 Rf3 67. Kc5 Rf5+ 68. Kd6 Rf3 69. Ke5 Rg3 70. Ra8 Re3+ 71. Kd4 Rb3 72. Kc4 Rf3 73. Rh8+ Kg6 74. a4 Rf4+ 75. Kb5 Rf5+ 76. Kb6 Rf6+ 77. Kc7 Rf7+ 78. Kd6 Ra7 79. Rg8+ Kh5 80. Rg5+ Kxh4 81. Rd5 Rxa4 82. Ke5 Rg4 83. Rd4 Rxd4 84. Kxd4 1/2-1/2


[Site "https://www.chess.com"]

[Event "Titled Tuesday Blitz August 17 2021"]
[White "Bryakin, Mikhail"]
[Black "Ayushh, Ravikumar"]
[WhiteFideId "4165314"]
[BlackFideId "35039482"]
[WhiteElo "2336"]
[BlackElo "1441"]
[Result "1/2-1/2"]
[Round "11"]
[TimeControl "180+1"]
[Date "2021.08.17"]
[WhiteClock "0:00:15"]
[BlackClock "0:00:05"]

1. e4 e5 2. Nf3 Nc6 3. Nc3 Nf6 4. Bb5 Bc5 5. O-O d6 6. d3 O-O 7. Be3 Bb6 8. h3 Ne7 9. Qd2 Ng6 10. Rad1 Be6 11. Ba4 d5 12. exd5 Nxd5 13. Bxb6 axb6 14. Bb3 Qd7 15. Rfe1 Nxc3 16. Qxc3 Bxb3 17. Qxb3 Qd6 18. a3 Rfe8 19. Rd2 Re7 20. Rde2 Rae8 21. Qb4 Qxb4 22. axb4 f6 23. g3 c6 24. Kg2 b5 25. Nd2 Nf8 26. Ne4 Ne6 27. c3 Rd8 28. Rd1 Red7 29. Red2 Kf7 30. Kf1 b6 31. h4 Kg6 32. f3 f5 33. Nf2 Kf6 34. Ke2 g6 35. Ra1 Nc7 36. Ra7 Nd5 37. Ra6 Rb8 38. Rd1 Nc7 39. Ra3 Nd5 40. Rda1 Rbd8 41. Ra7 h6 42. Rxd7 Rxd7 43. Ra8 g5 44. hxg5+ hxg5 45. g4 Nf4+ 46. Ke3 Ke6 47. gxf5+ Kxf5 48. Rf8+ Ke6 49. Rc8 Rd6 50. Rg8 Kf5 51. Rf8+ Ke6 52. Rg8 Kf5 53. Rf8+ Ke6 54. Rg8 1/2-1/2


[Site "https://www.chess.com"]

[Event "Titled Tuesday Blitz August 17 2021"]
[White "Chen, Max"]
[Black "Tanenbaum, Zachary"]
[WhiteFideId "2622440"]
[BlackFideId "2060850"]
[WhiteElo "2448"]
[BlackElo "2165"]
[Result "0-1"]
[Round "11"]
[TimeControl "180+1"]
[Date "2021.08.17"]
[WhiteClock "0:01:41"]
[BlackClock "0:01:41"]

1. e4 e5 2. Nf3 Nc6 3. Bc4 Nf6 4. d3 Be7 5. O-O O-O 6. Nbd2 d6 7. a4 Be6 8. Re1 h6 9. Ba2 Bxa2 10. Rxa2 d5 11. exd5 Qxd5 12. Ra1 Rad8 13. Qe2 Rfe8 14. Nc4 Bb4 15. Bd2 e4 16. dxe4 Rxe4 17. Qf1 Qxc4 18. Rxe4 Qxf1+ 19. Kxf1 Nxe4 20. Be3 Bc5 21. Bf4 Nxf2 22. Bxc7 Rd7 23. Bf4 Nb4 24. c3 Nbd3 25. Rb1 Nxf4 0-1


[Site "https://www.chess.com"]

[Event "Titled Tuesday Blitz August 17 2021"]
[White "Cunha, Lucas Aguiar"]
[Black "Karttunen, Mika"]
[WhiteFideId "2125404"]
[BlackFideId "502081"]
[WhiteElo "2361"]
[BlackElo "2343"]
[Result "1-0"]
[Round "11"]
[TimeControl "180+1"]
[Date "2021.08.17"]
[WhiteClock "0:00:07"]
[BlackClock "0:00:06"]

1. e4 c5 2. Nf3 Nc6 3. Nc3 Nf6 4. e5 Ng4 5. Qe2 Nh6 6. Ne4 e6 7. c3 Nf5 8. d3 h6 9. h4 d5 10. Ned2 h5 11. g3 b6 12. Bh3 Qc7 13. O-O g6 14. Re1 Bb7 15. Nf1 O-O-O 16. Bg5 Be7 17. Bf4 Kb8 18. a3 Ka8 19. b4 d4 20. b5 Na5 21. c4 Bf8 22. Rab1 Bh6 23. Ng5 Rd7 24. Bd2 Kb8 25. Nh2 Ba8 26. Bxa5 bxa5 27. Bg2 Qb6 28. Bxa8 Kxa8 29. Nhf3 Kb8 30. Ne4 Kc8 31. Rf1 Kd8 32. Ne1 Rc7 33. Nf3 Ke7 34. Kg2 Kf8 35. Rg1 Ke7 36. Kh1 Kd7 37. Rg2 Kc8 38. Rgg1 Kb8 39. Rg2 Kc8 40. Kh2 Bg7 41. Neg5 Bh6 42. Qe4 Kb8 43. Kh1 Bg7 44. Kg1 Bh6 45. Kh2 Rd7 46. Rgg1 Rb7 47. Rge1 Rc7 48. Kg2 Re8 49. Kg1 Rd8 50. Re2 Rdc8 51. Kg2 Rd8 52. Kg1 Rg8 53. Nh7 Rd8 54. Nf6 Bg7 55. Ng5 Rh8 56. Qf4 Bh6 57. Re4 Rd8 58. Qf3 Rdc8 59. Rf4 Rd8 60. Re1 Rh8 61. Kg2 Bxg5 62. hxg5 Qb7 63. Ne4 Ka8 64. Rh1 Kb8 65. Kg1 Rd8 66. g4 hxg4 67. Qxg4 Rcc8 68. Rh7 Qc7 69. Rf3 Qxe5 70. Rfh3 Rc7 71. Qf3 Rcd7 72. Qh1 Rc7 73. Rh8 Rdc8 74. Rxc8+ Rxc8 75. Rh7 Rc7 76. Qf3 Rc8 77. Kg2 Rf8 78. Nf6 Qc7 79. Kh3 Nd6 80. Qc6 Qxc6 81. bxc6 Kc7 82. Nd7 Rc8 83. Ne5 Rf8 84. Kg4 a6 85. f4 a4 86. Nd7 Rg8 87. Ne5 Rf8 88. Nxg6 Rb8 89. Ne5 Rb3 90. Ng6 Kxc6 91. Ne5+ Kc7 92. g6 Rb8 93. gxf7 Rf8 94. Kg5 a5 95. Kf6 Nc8 96. Ng6 1-0


[Site "https://www.chess.com"]

[Event "Titled Tuesday Blitz August 17 2021"]
[White "Dahanayake, Isara Banidu"]
[Black "Przybylski, Wojciech"]
[WhiteFideId "9932631"]
[BlackFideId "1117599"]
[WhiteElo "1394"]
[BlackElo "2250"]
[Result "0-1"]
[Round "11"]
[TimeControl "180+1"]
[Date "2021.08.17"]
[WhiteClock "0:00:14"]
[BlackClock "0:00:11"]

1. e4 c5 2. Nf3 d6 3. d4 cxd4 4. Qxd4 Nf6 5. h3 e5 6. Qe3 Be7 7. c4 O-O 8. Be2 b5 9. O-O Bb7 10. Nc3 bxc4 11. Bxc4 Nxe4 12. Nxe4 d5 13. Nc5 Bxc5 14. Qxc5 dxc4 15. Bg5 Qd5 16. Qxd5 Bxd5 17. Nd2 f6 18. Be3 Nc6 19. Rac1 Na5 20. a3 Rfc8 21. Rc3 Rc6 22. Rfc1 a6 23. f3 Rb8 24. R3c2 Kf7 25. Kf2 Ke6 26. Nb1 Nb3 27. Rd1 Nc5 28. Nc3 Nd3+ 29. Kg3 Rb3 30. Rdd2 f5 31. f4 g5 32. fxg5 f4+ 33. Kg4 fxe3 34. Re2 Nf2+ 35. Kg3 Rxc3 36. bxc3 Nd3 37. Rxe3 Rb6 38. Rce2 Rb3 39. h4 Rxc3 40. h5 Nf4 41. Kf2 Nxe2 42. Kxe2 Rxe3+ 43. Kxe3 Kf5 44. g6 hxg6 45. h6 Kf6 46. h7 Kg7 47. h8=Q+ Kxh8 48. g4 Kg7 49. g5 Kh8 50. a4 Kg7 51. a5 Kh8 52. Kd2 Kg8 53. Kc3 Kf8 54. Kb4 e4 55. Kc3 e3 56. Kc2 Ke8 57. Kc3 Kd8 58. Kc2 Kc8 59. Kc3 Kb8 60. Kc2 Kb7 61. Kc3 Kc7 62. Kc2 Kc6 63. Kc3 Kc5 64. Kc2 Kb5 65. Kd1 Kxa5 66. Ke2 Kb5 67. Kxe3 Kc5 68. Kd2 Kd4 69. Kc2 Be4+ 70. Kd2 Bd3 71. Kd1 c3 72. Kc1 Ke3 73. Kd1 a5 74. Kc1 a4 75. Kd1 a3 76. Ke1 a2 0-1


[Site "https://www.chess.com"]

[Event "Titled Tuesday Blitz August 17 2021"]
[White "Damjanovic, Vladimir"]
[Black "Kovalev, Vladislav"]
[WhiteFideId "903795"]
[BlackFideId "13504398"]
[WhiteElo "2374"]
[BlackElo "2573"]
[Result "0-1"]
[Round "11"]
[TimeControl "180+1"]
[Date "2021.08.17"]
[WhiteClock "0:00:04"]
[BlackClock "0:00:12"]

1. d4 Nf6 2. Nf3 g6 3. g3 Bg7 4. Bg2 O-O 5. O-O d6 6. Re1 Nc6 7. d5 Nb8 8. e4 c6 9. Nc3 Nbd7 10. Nd4 c5 11. Nb3 Ne5 12. h3 e6 13. Nd2 exd5 14. exd5 Nh5 15. Kh2 f5 16. f4 Nf7 17. Nc4 b6 18. a4 Ba6 19. Nb5 Qd7 20. Bf1 Nf6 21. c3 Rae8 22. Be3 h5 23. h4 Ng4+ 24. Kg1 Nxe3 25. Nxe3 Bb7 26. Na3 a6 27. Nac4 b5 28. axb5 axb5 29. Na5 Ba8 30. Bg2 b4 31. Qd2 bxc3 32. bxc3 Nd8 33. Nac4 Bb7 34. Rab1 Re7 35. Bf3 Rfe8 36. Kf2 Qc7 37. Ra1 Nf7 38. Re2 Nh6 39. Na5 Ba6 40. Nec4 Rxe2+ 41. Bxe2 Ng4+ 42. Bxg4 hxg4 43. Re1 Rxe1 44. Qxe1 Kh7 45. h5 gxh5 46. Qe6 Bc8 47. Qxd6 Qxd6 48. Nxd6 Bxc3 49. Nac4 Bd4+ 50. Ke2 Ba6 51. Kd2 h4 52. gxh4 g3 53. Ne5 g2 54. Nf3 g1=Q 55. Nxg1 Bxg1 56. Nxf5 Kg6 57. Ng3 Bd4 58. h5+ Kf6 59. h6 Kg6 60. d6 Bb5 61. f5+ Kxh6 62. Ne4 Bc6 63. Nc3 Kg5 64. Ne2 Be5 65. Kd3 Bb5+ 66. Ke3 Bxd6 67. Nc1 Bc6 68. Kd3 Kxf5 69. Kc3 Ke6 70. Nb3 Bd5 71. Nd2 Be5+ 72. Kd3 Kd6 73. Nb1 c4+ 74. Kc2 Kc5 75. Nd2 c3 76. Nf1 Kd4 77. Kc1 Bf4+ 78. Kd1 Be4 79. Ne3 Bxe3 80. Ke1 c2 81. Ke2 Bd3+ 82. Kf3 c1=Q 83. Kg4 Qg1+ 84. Kh5 Qg5# 0-1


[Site "https://www.chess.com"]

[Event "Titled Tuesday Blitz August 17 2021"]
[White "Dang, Hoang Son"]
[Black "Perez Gormaz, Matias"]
[WhiteFideId "12402435"]
[BlackFideId "3406342"]
[WhiteElo "2248"]
[BlackElo "2352"]
[Result "1-0"]
[Round "11"]
[TimeControl "180+1"]
[Date "2021.08.17"]
[WhiteClock "0:01:09"]
[BlackClock "0:00:02"]

1. e4 c5 2. Nf3 d6 3. d4 cxd4 4. Qxd4 Nc6 5. Bb5 Bd7 6. Qe3 Nf6 7. O-O g6 8. Nc3 Bg7 9. Rd1 O-O 10. h3 Qc7 11. Bxc6 Bxc6 12. Nd4 Rac8 13. Qe2 Bd7 14. Bg5 Qc5 15. Be3 Qb4 16. Nb3 Nxe4 17. Nd5 Qa4 18. Nxe7+ Kh8 19. Nxc8 Rxc8 20. c3 Re8 21. Bd4 Nxc3 22. Bxg7+ Kxg7 23. Qd2 Nxd1 24. Rxd1 Qxa2 25. Qc3+ Kg8 26. Ra1 Qxa1+ 27. Nxa1 Bc6 28. Nb3 Re5 29. Nd4 Bd5 30. Kh2 h5 31. f4 Re4 32. f5 Re5 33. f6 Kh7 34. Qc7 Rg5 35. g3 Re5 36. Qxd6 Rg5 37. Qf8 1-0


[Site "https://www.chess.com"]

[Event "Titled Tuesday Blitz August 17 2021"]
[White "Demchenko, Anton"]
[Black "Khanin, Semen"]
[WhiteFideId "4160258"]
[BlackFideId "4111990"]
[WhiteElo "2583"]
[BlackElo "2521"]
[Result "1-0"]
[Round "11"]
[TimeControl "180+1"]
[Date "2021.08.17"]
[WhiteClock "0:01:48"]
[BlackClock "0:00:27"]

1. e4 e5 2. Nf3 Nc6 3. Bc4 Bc5 4. d3 Nf6 5. O-O d6 6. c3 a6 7. Nbd2 Ba7 8. Re1 h6 9. Nf1 Qe7 10. Ng3 Bd7 11. a4 g5 12. b4 g4 13. Nh4 Nxe4 14. dxe4 Qxh4 15. Be3 Bxe3 16. fxe3 Ne7 17. b5 axb5 18. axb5 O-O 19. Rxa8 Rxa8 20. b6 Be6 21. Bxe6 fxe6 22. bxc7 Nc8 23. Qb3 Ne7 24. Qxe6+ Kh8 25. Qxd6 Qg5 26. Qd8+ 1-0


[Site "https://www.chess.com"]

[Event "Titled Tuesday Blitz August 17 2021"]
[White "Devaev, Alexander"]
[Black "Oliveira, Silvio Eduardo"]
[WhiteFideId "4169395"]
[BlackFideId "2111560"]
[WhiteElo "2185"]
[BlackElo "2302"]
[Result "1-0"]
[Round "11"]
[TimeControl "180+1"]
[Date "2021.08.17"]
[WhiteClock "0:00:21"]
[BlackClock "0:00:19"]

1. d4 Nf6 2. c4 e6 3. Nf3 d5 4. cxd5 exd5 5. Nc3 c6 6. Bg5 h6 7. Bh4 Be7 8. Bxf6 Bxf6 9. e3 O-O 10. Bd3 Re8 11. h3 c5 12. O-O cxd4 13. exd4 Nc6 14. Bb5 Be6 15. Rc1 Qb6 16. Bxc6 bxc6 17. Na4 Qc7 18. Nc5 Bf5 19. Qa4 Rac8 20. Rc3 Re2 21. b4 Rce8 22. Na6 Qf4 23. Qxc6 Rc8 24. Nc7 Bxd4 25. Nxd4 Qxd4 26. Qc5 Qxc5 27. Rxc5 Rxa2 28. Nxd5 Rxc5 29. bxc5 Be6 30. Nf4 Rc2 31. Ra1 Rxc5 32. Rxa7 Rc1+ 33. Kh2 Rc6 34. h4 g6 35. Kg3 h5 36. Ra5 Kg7 37. Ne2 Bf5 38. Nd4 Rc3+ 39. f3 Bd7 40. Rd5 Be8 41. Rd8 Ba4 42. Ra8 Bc2 43. Ra7 Bb3 44. Ra3 Rd3 45. Nxb3 Kf6 46. Kf2 Kg7 47. Ke2 Rc3 48. Kd2 Rc8 49. Nd4 Rd8 50. Rd3 Rd7 51. Ke3 Re7+ 52. Kf2 Ra7 53. Ne2 Ra2 54. Re3 Ra1 55. Kg3 Kf6 56. Nf4 Ra3 57. Nh3 Kg7 58. Rxa3 1-0


[Site "https://www.chess.com"]

[Event "Titled Tuesday Blitz August 17 2021"]
[White "Diakonova, Ekaterina"]
[Black "Petrovskyi, Vadym"]
[WhiteFideId "24172936"]
[BlackFideId "14165210"]
[WhiteElo "2102"]
[BlackElo "2334"]
[Result "0-1"]
[Round "11"]
[TimeControl "180+1"]
[Date "2021.08.17"]
[WhiteClock "0:02:00"]
[BlackClock "0:02:31"]

1. Nf3 Nf6 2. g3 g6 3. b3 Bg7 4. Bb2 O-O 5. Bg2 d6 6. O-O e5 7. d3 Nc6 8. c4 a5 9. Nc3 Be6 10. Nd2 Re8 11. Nd5 Bxd5 12. cxd5 Nb4 13. f4 Nbxd5 14. Qc1 exf4 15. gxf4 Rxe2 16. Ne4 Rxb2 17. Qxb2 Nxe4 18. Qc2 Ne3 19. Qe2 Nxf1 20. Rxf1 Bd4+ 21. Kh1 Nf2+ 22. Rxf2 Bxf2 23. Qxf2 Qf6 24. Bxb7 Re8 25. Be4 Qa1+ 26. Kg2 Qd1 27. Qa7 Qg4+ 28. Kh1 d5 0-1


[Site "https://www.chess.com"]

[Event "Titled Tuesday Blitz August 17 2021"]
[White "Djordjevic, Vuk"]
[Black "Martin Carmona, Gaston Manuel"]
[WhiteFideId "902098"]
[BlackFideId "22284567"]
[WhiteElo "2463"]
[BlackElo "2161"]
[Result "1-0"]
[Round "11"]
[TimeControl "180+1"]
[Date "2021.08.17"]
[WhiteClock "0:00:44"]
[BlackClock "0:00:36"]

1. d4 Nf6 2. Bg5 e6 3. e4 h6 4. Bxf6 Qxf6 5. c3 d6 6. Bd3 g5 7. Ne2 Nc6 8. O-O e5 9. Na3 Bg7 10. Nc2 Bd7 11. d5 Ne7 12. Ng3 Qg6 13. Ne3 h5 14. Qb3 O-O-O 15. Bb5 g4 16. Bxd7+ Rxd7 17. Ngf5 Bh6 18. Nxe7+ Rxe7 19. Nf5 Rd7 20. c4 Bd2 21. Qa3 Kb8 22. Rad1 Bf4 23. Rd3 h4 24. Qa4 Rdd8 25. Rb3 Rh5 26. Qa6 b6 27. Ra3 Rxf5 28. Qxa7+ Kc8 29. Qa4 Bxh2+ 30. Kxh2 g3+ 31. Kh3 Rf4 32. f3 Qxe4 33. fxe4 Rxf1 34. Qc6 1-0


[Site "https://www.chess.com"]

[Event "Titled Tuesday Blitz August 17 2021"]
[White "Elissalt Cardenas, Hector"]
[Black "Kalghatgi, Nikhil"]
[WhiteFideId "3500632"]
[BlackFideId "2056496"]
[WhiteElo "2268"]
[BlackElo "1994"]
[Result "0-1"]
[Round "11"]
[TimeControl "180+1"]
[Date "2021.08.18"]
[WhiteClock "0:00:01"]
[BlackClock "0:00:14"]

1. d4 g6 2. Nf3 Bg7 3. e4 a6 4. c3 b5 5. a4 bxa4 6. Bc4 e6 7. e5 Bb7 8. Rxa4 d5 9. Bd3 c5 10. dxc5 Ne7 11. b4 O-O 12. Be3 Nbc6 13. Bd4 Qc7 14. Qe2 Rfb8 15. O-O Nxd4 16. cxd4 Bc6 17. Rxa6 Rxa6 18. Bxa6 Rxb4 19. Nbd2 Nf5 20. Rb1 Nxd4 21. Nxd4 Rxd4 22. Nf3 Ra4 23. Bb5 Bxb5 24. Qxb5 Ra5 25. Qe8+ Bf8 26. h4 Qxc5 27. h5 Ra2 28. Rf1 Qe7 29. Qc8 Qc5 30. Qd8 Qe7 31. Qc8 Ra7 32. Rc1 Rd7 33. hxg6 hxg6 34. Qb8 Qd8 35. Rc8 Qe7 0-1


[Site "https://www.chess.com"]

[Event "Titled Tuesday Blitz August 17 2021"]
[White "Esenbek Uulu, Ilimbek"]
[Black "Tokman, Ariel"]
[WhiteFideId "13800680"]
[BlackFideId "117420"]
[WhiteElo "2103"]
[BlackElo "2345"]
[Result "0-1"]
[Round "11"]
[TimeControl "180+1"]
[Date "2021.08.18"]
[WhiteClock "0:00:20"]
[BlackClock "0:00:22"]

1. e4 c5 2. Nf3 d6 3. d4 cxd4 4. Nxd4 Nf6 5. Nc3 g6 6. Be3 Bg7 7. f3 Nc6 8. Qd2 O-O 9. Bc4 Nd7 10. Nd5 Nde5 11. Bb3 e6 12. Nf4 Na5 13. Qb4 Nxb3 14. axb3 d5 15. O-O-O Nc6 16. Nxc6 bxc6 17. Bc5 a5 18. Qa4 Re8 19. Nd3 Ba6 20. h4 Bb5 21. Qa3 a4 22. b4 Qf6 23. e5 Qf5 24. g4 Qxf3 25. Rdf1 Qxg4 26. Bd6 Bxd3 27. cxd3 h5 28. Qc3 Red8 29. Be7 Rdb8 30. Qxc6 Rc8 0-1


[Site "https://www.chess.com"]

[Event "Titled Tuesday Blitz August 17 2021"]
[White "Esipenko, Andrey"]
[Black "Garriga Cazorla, Pere"]
[WhiteFideId "24175439"]
[BlackFideId "32011601"]
[WhiteElo "2595"]
[BlackElo "2430"]
[Result "1-0"]
[Round "11"]
[TimeControl "180+1"]
[Date "2021.08.17"]
[WhiteClock "0:01:06"]
[BlackClock "0:00:16"]

1. e4 c5 2. Nf3 Nc6 3. Bb5 g6 4. c3 Nf6 5. e5 Nd5 6. O-O Bg7 7. d4 cxd4 8. cxd4 O-O 9. Nc3 Nc7 10. Bxc6 dxc6 11. h3 b6 12. Bg5 h6 13. Bd2 Bb7 14. Qc1 Kh7 15. Rd1 Qd7 16. Nh2 Rac8 17. Be3 Qf5 18. f3 Rfd8 19. Ng4 g5 20. Ne4 Ne6 21. h4 c5 22. Ng3 cxd4 23. Nxf5 Rxc1 24. Bxc1 Bf8 25. h5 d3 26. Be3 Bc8 27. Nf2 Nf4 28. Bxf4 gxf4 29. Nh4 Ba6 30. g3 e6 31. gxf4 Bc5 32. Kg2 Rg8+ 33. Ng4 Rd8 34. Nf6+ Kg7 35. Kg3 Be3 36. Ng2 Bc5 37. Ne4 Bd4 38. Rd2 Kh7 39. Rad1 Rg8+ 40. Kh3 Rc8 41. Rxd3 Bxd3 42. Rxd3 Bxb2 43. Rd7 Kg8 44. Rxa7 Rc1 45. Ne3 Bd4 46. Ng4 Rh1+ 47. Kg2 Rg1+ 48. Kh2 Rf1 49. Nxh6+ Kg7 50. Nxf7 Be3 51. Nfg5+ Kf8 52. Nxe6+ Ke8 53. Nf6# 1-0


[Site "https://www.chess.com"]

[Event "Titled Tuesday Blitz August 17 2021"]
[White "Estrada Nieto, Julian"]
[Black "Lauridsen, Jesper Morch"]
[WhiteFideId "5101018"]
[BlackFideId "1401890"]
[WhiteElo "2270"]
[BlackElo "2314"]
[Result "0-1"]
[Round "11"]
[TimeControl "180+1"]
[Date "2021.08.18"]
[WhiteClock "0:00:01"]
[BlackClock "0:00:32"]

1. e4 c5 2. Nf3 d6 3. Bb5+ Nc6 4. O-O Bd7 5. Re1 a6 6. Bxc6 Bxc6 7. d4 cxd4 8. Nxd4 Nf6 9. Nxc6 bxc6 10. c4 g6 11. Qf3 Bg7 12. e5 dxe5 13. Qxc6+ Nd7 14. Rd1 Rc8 15. Qa4 Qc7 16. Nc3 Qc6 17. Be3 Qxa4 18. Nxa4 e6 19. b3 e4 20. Rac1 Ke7 21. c5 Ne5 22. Bd4 Rhd8 23. Nb6 Rc6 24. Nc4 Rxd4 25. Rxd4 Nf3+ 26. gxf3 Bxd4 27. fxe4 Rxc5 28. Kg2 Rg5+ 29. Kf3 Rh5 30. Kg3 Rg5+ 31. Kf3 Rh5 32. Kg3 f5 33. Rd1 e5 34. exf5 Rg5+ 35. Kf3 Rxf5+ 36. Ke4 Rxf2 37. Nxe5 Bxe5 38. Kxe5 Rxa2 39. Rd4 Rxh2 40. Ra4 a5 41. Kd5 Rh3 42. Ra3 h5 43. Kc6 a4 44. Rxa4 Rxb3 0-1


[Site "https://www.chess.com"]

[Event "Titled Tuesday Blitz August 17 2021"]
[White "Eternauta2400"]
[Black "Brunner, Nicolas"]
[BlackFideId "620246"]
[WhiteElo "2548"]
[BlackElo "2372"]
[Result "1-0"]
[Round "11"]
[TimeControl "180+1"]
[Date "2021.08.17"]
[WhiteClock "0:01:03"]
[BlackClock "0:00:03"]

1. e4 e5 2. Nf3 Nc6 3. Bc4 Nf6 4. d4 exd4 5. O-O Nxe4 6. Re1 d5 7. Bxd5 Qxd5 8. Nc3 Qd7 9. Nxe4 Be7 10. Bg5 O-O 11. Bxe7 Qxe7 12. Nxd4 Bd7 13. Nb3 Rad8 14. Qh5 g6 15. Qh6 Qe5 16. Nbc5 Bc8 17. Qh4 f6 18. Nd3 Qe7 19. Re3 Qg7 20. Rae1 Nd4 21. Nd2 Nf5 22. Qc4+ Kh8 23. R3e2 c6 24. Nf3 Nd6 25. Qc5 a6 26. Re7 Rf7 27. R7e2 Bf5 28. Nf4 Rfd7 29. h3 g5 30. Ne6 Bxe6 31. Rxe6 Nf7 32. Re8+ 1-0


[Site "https://www.chess.com"]

[Event "Titled Tuesday Blitz August 17 2021"]
[White "Eynullayev, Altay"]
[Black "Szente Varga, Fruzsina"]
[WhiteFideId "13413562"]
[BlackFideId "712264"]
[WhiteElo "2079"]
[BlackElo "2106"]
[Result "0-1"]
[Round "11"]
[TimeControl "180+1"]
[Date "2021.08.18"]
[WhiteClock "0:00:03"]
[BlackClock "0:00:11"]

1. e4 e5 2. Nf3 Nc6 3. Bb5 a6 4. Ba4 Nf6 5. O-O Be7 6. Re1 b5 7. Bb3 O-O 8. a4 b4 9. d4 exd4 10. e5 Ne8 11. Nxd4 Bb7 12. Nf5 Bg5 13. f4 Bh4 14. Re3 d6 15. Rh3 Bc8 16. e6 Be7 17. exf7+ Rxf7 18. Bxf7+ Kxf7 19. Qh5+ g6 20. Qxh7+ Kf6 21. Qh4+ Kxf5 22. g4+ Ke4 23. Re3+ Kd5 24. Qf2 Nd4 25. Qg2+ Kc5 26. Qxa8 Nf6 27. Qa7+ Kc6 28. Qxd4 Nxg4 29. Qe4+ Kb6 30. a5+ Ka7 31. Qd4+ c5 32. Qd3 Nxe3 33. Qxe3 Bb7 34. Nd2 Qc7 35. Nc4 Qc6 36. Qg3 Qh1+ 37. Kf2 Bf6 38. Be3 Qe4 39. Nxd6 Qxc2+ 40. Bd2 Qxd2+ 41. Kf1 Qxd6 42. Re1 Bd4 43. Qxg6 0-1


[Site "https://www.chess.com"]

[Event "Titled Tuesday Blitz August 17 2021"]
[White "Ezat, Mohamed"]
[Black "Korchmar, Vasiliy"]
[WhiteFideId "10600906"]
[BlackFideId "24131750"]
[WhiteElo "2414"]
[BlackElo "2370"]
[Result "1-0"]
[Round "11"]
[TimeControl "180+1"]
[Date "2021.08.17"]
[WhiteClock "0:00:11"]
[BlackClock "0:00:01"]

1. d4 Nf6 2. c4 g6 3. Nc3 d5 4. Bg5 Ne4 5. cxd5 Nxc3 6. bxc3 Qxd5 7. Nf3 c5 8. g3 cxd4 9. cxd4 Nc6 10. Bg2 Bg7 11. Be3 Qa5+ 12. Bd2 Qa6 13. Be3 O-O 14. O-O Rd8 15. a3 Bg4 16. Qb3 b6 17. Rac1 Na5 18. Qa2 Be6 19. Qb1 Nc4 20. Ne5 Rac8 21. Nc6 Rd7 22. d5 Bf5 23. Qb3 Nxe3 24. Qxe3 Bf6 25. h3 h5 26. Qf4 Qxe2 27. Rfe1 Qb2 28. g4 hxg4 29. hxg4 Bc2 30. g5 Bd4 31. Re2 1-0


[Site "https://www.chess.com"]